[ AOE2 MATCH · #505753374 ]
UnrankedLithuanians vs Persians
Rival team · LOSS
[ REPLAY ANALYSIS · EXTRACTED FROM THE RECORDED GAME ]
Feudal
8:30
Castle
—
Imperial
—
| APM avg | 39.5 |
| APM peak | 72 |
| eAPM avg | 18.3 |
| Villagers / military | 36 / 1 |
Focus
⚔️ 39.7% · 🌾 60.3%
Skirmisher ×1
Feudal
—
Castle
—
Imperial
—
| APM avg | 61.4 |
| APM peak | 98 |
| eAPM avg | 30.6 |
| Villagers / military | 50 / 0 |
Focus
⚔️ 47.7% · 🌾 52.3%
Match map
Initial resources + every placement click. Lines = walls · curves = elevation contours. ◆ gold · ⬟ stone · ● berries · ✦ relic · ◌ wall gap
Your base· Open — opponent sealed themselves in
2099's base· ✓ Closed at 12:00 · 60t walls · 1 gate(s)
Smoothed initial terrain · ◌ = detected wall gap · hover for details
Inputs per minute
— Lucsor - - 2099
Build order — Lucsor
63 actions detected in the replay
| 0:00 | Queue | Villager (Male) ×5 |
| 0:01 | Queue | Villager (Male) ×5 |
| 0:01 | Queue | Villager (Male) |
| 0:02 | Build | House |
| 0:03 | Build | House |
| 1:22 | Queue | Villager (Male) |
| 2:02 | Queue | Villager (Male) |
| 2:15 | Build | House |
| 2:33 | Queue | Villager (Male) |
| 2:37 | Build | Lumber Camp |
| 2:40 | Queue | Villager (Male) |
| 3:03 | Queue | Villager (Male) |
| 3:06 | Build | House |
| 3:24 | Queue | Villager (Male) |
| 4:04 | Queue | Villager (Male) |
| 4:21 | Queue | Villager (Male) |
| 4:21 | Queue | Villager (Male) |
| 4:22 | Queue | Villager (Male) |
| 5:24 | Build | Mill |
| 5:46 | Research | Loom |
| 6:20 | Research | Feudal Age |
| 7:28 | Queue | Villager (Male) |
| 7:49 | Build | Barracks |
| 8:06 | Build | Palisade Wall |
| 8:07 | Build | Palisade Wall |
| 8:15 | Build | House |
| 8:20 | Queue | Villager (Male) |
| 8:30 | Age | Feudal Age |
| 8:30 | Queue | Villager (Male) |
| 8:51 | Queue | Villager (Male) |
| 8:52 | Queue | Villager (Male) |
| 8:59 | Queue | Villager (Male) |
| 9:12 | Build | Watch Tower |
| 9:16 | Build | House |
| 9:20 | Queue | Villager (Male) |
| 9:20 | Queue | Villager (Male) |
| 9:35 | Build | Archery Range |
| 10:54 | Queue | Skirmisher |
| 11:42 | Queue | Villager (Male) |
| 11:50 | Queue | Villager (Male) |
| 12:17 | Build | Palisade Wall |
| 12:19 | Build | Palisade Wall |
| 13:14 | Build | Market |
| 14:08 | Queue | Villager (Male) |
| 14:34 | Build | House |
| 15:12 | Build | House |
| 15:14 | Build | House |
| 15:54 | Build | Palisade Wall |
| 15:54 | Build | Palisade Wall |
| 16:20 | Build | Town Center |
| 16:35 | Build | Palisade Wall |
| 16:53 | Build | Palisade Wall |
| 16:54 | Build | Palisade Wall |
| 16:55 | Build | Palisade Wall |
| 16:57 | Build | Palisade Wall |
| 17:02 | Build | Palisade Wall |
| 17:19 | Queue | Villager (Male) |
| 17:19 | Queue | Villager (Male) |
| 17:31 | Build | Palisade Wall |
| 18:17 | Queue | Villager (Male) |
| 18:18 | Queue | Villager (Male) |
| 18:23 | Build | House |
| 18:45 | Build | Mining Camp |
Build order — 2099
99 actions detected in the replay
| 0:00 | Queue | Villager (Male) |
| 0:01 | Queue | Villager (Male) |
| 0:02 | Build | House |
| 0:03 | Build | House |
| 0:07 | Queue | Villager (Male) |
| 0:08 | Queue | Villager (Male) |
| 0:08 | Queue | Villager (Male) |
| 0:08 | Queue | Villager (Male) |
| 0:56 | Build | Lumber Camp |
| 1:27 | Queue | Villager (Male) |
| 2:00 | Queue | Villager (Male) |
| 2:28 | Queue | Villager (Male) |
| 2:29 | Build | House |
| 2:53 | Queue | Villager (Male) |
| 3:00 | Queue | Villager (Male) |
| 3:00 | Queue | Villager (Male) |
| 3:42 | Queue | Villager (Male) |
| 3:44 | Queue | Villager (Male) |
| 3:45 | Queue | Villager (Male) |
| 4:04 | Queue | Villager (Male) |
| 4:05 | Queue | Villager (Male) |
| 4:25 | Queue | Villager (Male) |
| 4:26 | Queue | Villager (Male) |
| 4:40 | Queue | Villager (Male) |
| 4:41 | Queue | Villager (Male) |
| 4:48 | Queue | Villager (Male) |
| 4:58 | Queue | Villager (Male) |
| 5:08 | Queue | Villager (Male) |
| 5:08 | Queue | Villager (Male) |
| 5:26 | Build | House |
| 5:28 | Build | Palisade Wall |
| 5:50 | Research | Loom |
| 5:52 | Queue | Villager (Male) |
| 6:03 | Build | Palisade Wall |
| 6:24 | Build | Palisade Wall |
| 6:26 | Build | Palisade Wall |
| 6:48 | Queue | Villager (Male) |
| 7:05 | Build | Town Center |
| 7:15 | Build | Town Center |
| 7:21 | Build | Town Center |
| 7:31 | Build | Palisade Wall |
| 7:51 | Build | Mill |
| 8:03 | Build | Palisade Wall |
| 8:23 | Queue | Villager (Male) |
| 8:28 | Build | Palisade Wall |
| 8:29 | Queue | Villager (Male) |
| 8:31 | Queue | Villager (Male) |
| 8:39 | Build | Palisade Wall |
| 8:40 | Queue | Villager (Male) |
| 8:47 | Queue | Villager (Male) |
| 8:50 | Build | Palisade Wall |
| 8:52 | Queue | Villager (Male) |
| 8:54 | Build | Palisade Wall |
| 9:01 | Build | Palisade Wall |
| 9:03 | Build | Palisade Wall |
| 9:04 | Build | Palisade Wall |
| 9:27 | Build | Palisade Gate |
| 9:51 | Queue | Villager (Male) |
| 9:51 | Queue | Villager (Male) |
| 10:26 | Build | House |
| 10:34 | Queue | Villager (Male) |
| 10:40 | Build | House |
| 10:41 | Build | House |
| 11:07 | Build | Palisade Wall |
| 11:31 | Build | House |
| 11:33 | Queue | Villager (Male) |
| 11:33 | Queue | Villager (Male) |
| 11:35 | Build | Palisade Wall |
| 11:37 | Build | Palisade Wall |
| 11:38 | Build | Palisade Wall |
| 11:39 | Build | Palisade Wall |
| 11:40 | Build | Palisade Wall |
| 11:48 | Build | Palisade Wall |
| 12:02 | Queue | Villager (Male) |
| 12:02 | Queue | Villager (Male) |
| 12:21 | Build | Palisade Wall |
| 12:22 | Build | Palisade Wall |
| 13:08 | Queue | Villager (Male) |
| 13:32 | Queue | Villager (Male) |
| 13:32 | Queue | Villager (Male) |
| 14:19 | Build | Palisade Wall |
| 14:19 | Queue | Villager (Male) |
| 14:22 | Build | House |
| 14:34 | Build | Palisade Wall |
| 14:45 | Queue | Villager (Male) |
| 15:11 | Queue | Villager (Male) |
| 15:18 | Queue | Villager (Male) |
| 15:22 | Build | Palisade Wall |
| 15:24 | Build | Palisade Wall |
| 15:40 | Build | Palisade Wall |
| 16:24 | Queue | Villager (Male) |
| 16:56 | Queue | Villager (Male) |
| 16:59 | Build | Palisade Wall |
| 17:48 | Queue | Villager (Male) |
| 17:55 | Build | Palisade Wall |
| 18:07 | Build | Town Center |
| 18:12 | Build | Palisade Wall |
| 18:16 | Build | Palisade Wall |
| 18:28 | Build | Palisade Gate |
Match timeline
| 5:28 | 2099 · wall_segment Palisade Wall x1 |
| 6:03 | 2099 · wall_segment Palisade Wall x7 |
| 6:24 | 2099 · wall_segment Palisade Wall x3 |
| 6:26 | 2099 · wall_segment Palisade Wall x5 |
| 7:31 | 2099 · wall_segment Palisade Wall x2 |
| 7:49 | Lucsor · first_building Barracks |
| 8:03 | 2099 · wall_segment Palisade Wall x1 |
| 8:06 | Lucsor · wall_segment Palisade Wall x1 |
| 8:07 | Lucsor · wall_segment Palisade Wall x1 |
| 8:28 | 2099 · wall_segment Palisade Wall x5 |
| 8:30 | Lucsor · age_up feudal |
| 8:39 | 2099 · wall_segment Palisade Wall x5 |
| 8:50 | 2099 · wall_segment Palisade Wall x6 |
| 8:54 | 2099 · wall_segment Palisade Wall x1 |
| 9:01 | 2099 · wall_segment Palisade Wall x2 |
| 9:03 | 2099 · wall_segment Palisade Wall x2 |
| 9:04 | 2099 · wall_segment Palisade Wall x1 |
| 9:35 | Lucsor · first_building Archery Range |
| 11:07 | 2099 · wall_segment Palisade Wall x4 |
| 11:35 | 2099 · wall_segment Palisade Wall x5 |
| 11:37 | 2099 · wall_segment Palisade Wall x2 |
| 11:38 | 2099 · wall_segment Palisade Wall x2 |
| 11:39 | 2099 · wall_segment Palisade Wall x3 |
| 11:40 | 2099 · wall_segment Palisade Wall x4 |
| 11:48 | 2099 · wall_segment Palisade Wall x1 |
| 12:17 | Lucsor · wall_segment Palisade Wall x1 |
| 12:19 | Lucsor · wall_segment Palisade Wall x1 |
| 12:21 | 2099 · wall_segment Palisade Wall x2 |
| 12:22 | 2099 · wall_segment Palisade Wall x1 |
| 14:19 | 2099 · wall_segment Palisade Wall x1 |
| 14:34 | 2099 · wall_segment Palisade Wall x2 |
| 14:46 | Lucsor · first_market_sell 100 wood |
| 14:54 | Lucsor · first_market_buy 100 stone |
| 15:22 | 2099 · wall_segment Palisade Wall x1 |
| 15:24 | 2099 · wall_segment Palisade Wall x1 |
| 15:40 | 2099 · wall_segment Palisade Wall x1 |
| 15:54 | Lucsor · wall_segment Palisade Wall x1 |
| 15:54 | Lucsor · wall_segment Palisade Wall x1 |
| 16:35 | Lucsor · wall_segment Palisade Wall x1 |
| 16:53 | Lucsor · wall_segment Palisade Wall x1 |
| 16:54 | Lucsor · wall_segment Palisade Wall x1 |
| 16:55 | Lucsor · wall_segment Palisade Wall x1 |
| 16:57 | Lucsor · wall_segment Palisade Wall x1 |
| 16:59 | 2099 · wall_segment Palisade Wall x2 |
| 17:02 | Lucsor · wall_segment Palisade Wall x1 |
| 17:31 | Lucsor · wall_segment Palisade Wall x1 |
| 17:55 | 2099 · wall_segment Palisade Wall x5 |
| 18:12 | 2099 · wall_segment Palisade Wall x5 |
| 18:16 | 2099 · wall_segment Palisade Wall x1 |
| 18:48 | 2099 · resign |
[ AI ANALYSIS · 1 CREDIT ]
What really happened in this match?
Wolo.gg analyzes every decision: build order, eco, micro, common mistakes by bracket. Personalized analysis on WhatsApp or Discord in 30 seconds.
Civ guide
Lithuanians
Perfil
Jugador #235535